 Dungeon Crawl Stone Soup version 0.28-a0-957-g42eb19b844 (webtiles) character file.

Game seed: 17344253910615104856

21540 ytrimaz the Peltast (level 13, 0/101 HPs)
             Began as a Formicid Fighter on Nov 30, 2021.
             Was a Believer of Ignis.
             Killed by divine providence
             ... invoked by a meliai
              (10 damage)
             ... on level 12 of the Dungeon.
             The game lasted 00:20:32 (15110 turns).

ytrimaz the Peltast (Formicid Fighter)             Turns: 15110, Time: 00:20:33

Health: 0/101      AC: 17    Str: 25    XL:     13   Next: 20%
Magic:  14/14      EV:  8    Int: 15    God:    Ignis [**....]
Gold:   80         SH:  7    Dex:  8    Spells: 12/12 levels left

rFire   + . .      SeeInvis +   J - +2 battleaxe (elec)
rCold   + . .      Faith    .   c - +0 buckler
rNeg    . . .      Spirit   .   e - +0 chain mail
rPois   .          Reflect  .   (helmet unavailable)
rElec   .          Harm     .   p - +0 cloak
rCorr   .          Rampage  .   f - +1 pair of gloves
Will    +....                   j - +0 pair of boots
Stlth   ..........              w - amulet of the acrobat
HPRegen 0.26/turn               g - ring of protection from cold
MPRegen 0.14/turn               i - +6 ring of intelligence

@: studying Shields
A: permanent stasis, dig shafts and tunnels, antennae 3, four strong arms,
clumsy 1
a: Dig, Shaft Self, Renounce Religion, Fiery Armour, Foxfire Swarm, Rising Flame


You were on level 12 of the Dungeon.
You worshipped Ignis.
Ignis was pleased with you.
You visited 2 branches of the dungeon, and saw 13 of its levels.
You also visited: Bailey.

You collected 675 gold pieces.
You spent 595 gold pieces at shops.

Inventory:

Hand Weapons
 a - a +0 war axe of venom
 n - a +0 battleaxe
 J - a +2 battleaxe of electrocution (weapon)
Missiles
 y - 40 boomerangs (quivered)
 B - 8 javelins
Armour
 c - a +0 buckler (worn)
 e - a +0 chain mail (worn)
 f - a +1 pair of gloves (worn)
 j - a +0 pair of boots (worn)
 l - a scarf of repulsion
 p - a +0 cloak (worn)
Jewellery
 g - a ring of protection from cold (left hand)
 i - a +6 ring of intelligence (right hand)
 m - a ring of wizardry
 w - an amulet of the acrobat (around neck)
Wands
 h - a wand of charming (17)
 k - a wand of paralysis (11)
 s - a wand of acid (30)
 t - a wand of flame (59)
 v - a wand of iceblast (7)
 x - a wand of digging (8)
 C - a wand of polymorph (6)
Scrolls
 b - 2 scrolls of magic mapping
 q - a scroll of amnesia
 D - a scroll of enchant armour
 H - a scroll of immolation
 I - a scroll of fog
 K - a scroll of fear {unknown}
Potions
 d - a potion of might
 o - 2 potions of brilliance
 r - a potion of ambrosia {unknown}
 u - a potion of mutation
 z - a potion of berserk rage {unknown}
 A - a potion of resistance {unknown}
 E - a potion of curing
 F - a potion of flight
 G - 2 potions of heal wounds


   Skills:
 + Level 9.1 Fighting
 - Level 1.7(2.1) Short Blades
 - Level 1.7(2.1) Long Blades
 + Level 12.0 Axes
 - Level 1.7 Staves
 - Level 2.0 Slings
 - Level 1.5 Bows
 - Level 1.7 Crossbows
 + Level 10.5 Armour
 * Level 15.8 Shields
 - Level 1.5 Conjurations
 - Level 2.1 Hexes
 - Level 1.7 Summonings
 - Level 1.7 Necromancy
 - Level 1.5 Translocations
 - Level 2.0 Transmutations
 - Level 1.7 Fire Magic
 - Level 1.7 Ice Magic
 - Level 1.4 Air Magic
 - Level 2.1 Earth Magic
 - Level 2.6 Poison Magic
 - Level 2.1 Invocations
 - Level 2.0 Evocations


You had 12 spell levels left.
You didn't know any spells.
Your spell library contained the following spells:

 Spells                   Type           Power      Damage    Failure   Level
 Slow                     Hex            24%        N/A       47%         1
 Animate Skeleton         Necr           10%        N/A       54%         1
 Summon Small Mammal      Summ           20%        N/A       54%         1
 Apportation              Tloc           8%         N/A       56%         1
 Ensorcelled Hibernation  Hex/Ice        10%        N/A       65%         2
 Spider Form              Tmut/Pois      6%         N/A       83%         3
 Confusing Touch          Hex            6%         N/A       85%         3
 Dazzling Flash           Conj/Hex       10%        N/A       88%         3
 Vampiric Draining        Necr           5%         2d6       88%         3
 Gell's Gravitas          Tloc           4%         N/A       91%         3
 Lesser Beckoning         Tloc           4%         N/A       91%         3
 Teleport Other           Tloc           4%         N/A       91%         3
 Animate Armour           Summ/Erth      10%        N/A       99%         4
 Animate Dead             Necr           2%         N/A       99%         4
 Airstrike                Air            2%         N/A       100%        4
 Summon Lightning Spire   Summ/Air       4%         N/A       100%        4
 Agony                    Necr           5%         N/A       100%        5
 Blade Hands              Tmut           3%         N/A       100%        5
 Borgnjor's Vile Clutch   Necr/Erth      2%         N/A       100%        5
 Lightning Bolt           Conj/Air       2%         1d13      100%        5
 Silence                  Hex/Air        2%         N/A       100%        5
 Death Channel            Necr           2%         N/A       100%        6
 Iron Shot                Conj/Erth      2%         9d2       100%        6


Dungeon Overview and Level Annotations

Branches:
Dungeon (12/15)            Temple (1/1) D:4            Lair (0/6) D:11
 Bailey (visited)
    Orc: D:9-12

Altars:
Ashenzari
Cheibriados
Dithmenos
Elyvilon
Fedhas
Gozag
Hepliaklqana
Kikubaaqudgha
Makhleb
Nemelex Xobeh
Okawaru
Qazlal
Ru
Sif Muna
Trog
Uskayaw
Vehumet
Wu Jian
Xom
Yredelemnul
Zin
The Shining One
Ignis

Shops:
D:2 !   D:8 !   D:10 *!(


Innate Abilities, Weirdness & Mutations

You cannot be hasted, slowed, berserked, paralysed or teleported.
You can dig through walls and to a lower floor.
You have a pair of large antennae on your head. (SInv)
Your four strong arms can wield two-handed weapons with a shield.
You are clumsy. (Dex -2)


Message History

Items here: )) [[.
You sense a monster nearby.
You sense a monster nearby.
A meliai comes into view. It is wielding a +0 hand axe.
The meliai buzzes angrily.
A meliai comes into view. It is wielding a +0 war axe.
A meliai comes into view. It is wielding a +0 hand axe.
There are monsters nearby!
The meliai buzzes angrily. x2
The meliai invokes the aid of its god against you.
Something smites you! The meliai closely misses you. The meliai stings you.
The meliai calls down the wrath of its god upon you.
Something smites you! The meliai misses you. The meliai barely misses you.
The meliai completely misses you.
The meliai stings you but does no damage.
The meliai completely misses you. The meliai stings you.
The meliai closely misses you. You block the meliai's attack.
The meliai calls down the wrath of its god upon you.
Something smites you!
The meliai mumbles some strange prayers to its god against you.
Something smites you! You block the meliai's attack. The meliai misses you.
You block the meliai's attack. The meliai barely misses you.
You closely miss the meliai. You slice the meliai!! You barely miss the meliai.
The meliai calls down the wrath of its god upon you.
Something smites you! The meliai barely misses you.
The meliai stings you but does no damage.
You block the meliai's attack.
The meliai stings you but does no damage.
The meliai hits you but does no damage.
The meliai stings you but does no damage.
The meliai hits you with a +0 war axe!
* * * LOW HITPOINT WARNING * * *
You block the meliai's attack.
The meliai invokes the aid of its god against you.
Something smites you!
* * * LOW HITPOINT WARNING * * *
The meliai invokes the aid of its god against you.
Something smites you!
You die...

#.......#....#
#.......#....#
#....#########
#....# #....#
#....# #....#
#..y.# #..y@#
#...y# #.....
#......
#....#..
#....#...
#....#....
#....# ...#


You could see 3 meliai.

Vanquished Creatures
  An orc warlord (Bailey)
  Erica (D:9)
  3 two-headed ogres
  An orc knight (Bailey)
  An ugly thing (D:11)
  An elephant (D:11)
  An unseen horror (D:11)
  2 kobold demonologists (D:12)
  A troll (D:11)
  Grinder (D:5)
  Prince Ribbit (D:9)
  A shadow (D:11)
  A wraith (D:10)
  12 yaks
  Grum (D:8)
  Menkaure (D:5)
  2 vampire mosquitoes (D:10)
  2 water moccasins
  3 orc warriors
  4 ice beasts
  A sky beast (D:7)
  2 black bears (D:11)
  2 ogres
  6 centaurs
  3 wolves (D:8)
  A phantom (D:5)
  2 kobold brigands
  3 gnoll sergeants
  5 bullfrogs
  3 scorpions
  10 killer bees
  2 howler monkeys (D:8)
  A bullfrog zombie (D:6)
  A centaur zombie (D:9)
  4 jellies
  2 orc priests (D:6)
  A gnoll shaman (D:4)
  2 hounds
  Terence (D:3)
  6 orc wizards
  A killer bee zombie (D:7)
  A hound skeleton (D:4)
  A howler monkey zombie (D:9)
  15 gnolls
  4 adders
  A shadow imp (D:7)
  An adder skeleton (D:4)
  A worm (D:4)
  3 dart slugs
  20 orcs
  8 ball pythons
  6 bats
  4 endoplasms
  3 giant cockroaches
  8 goblins
  6 hobgoblins
  37 kobolds
  4 quokkas
  4 frilled lizards
  A quokka skeleton (D:4)
  4 rats
  A spectral kobold (D:9)
233 creatures vanquished.

Vanquished Creatures (others)
  A wizard (D:5)
  26 foxfires
27 creatures vanquished.

Grand Total: 260 creatures vanquished

Notes
Turn   | Place    | Note
-------+----------+-------------------------------------------
     0 | D:1      | ytrimaz the Formicid Fighter began the quest for the Orb.
     0 | D:1      | Reached XP level 1. HP: 18/18 MP: 1/1
    94 | D:1      | Reached skill level 4 in Shields
    94 | D:1      | Reached XP level 2. HP: 11/24 MP: 2/2
   580 | D:1      | Reached XP level 3. HP: 28/29 MP: 3/3
   592 | D:1      | Found a faded altar of an unknown god.
   604 | D:1      | Prayed at the altar of an unknown god.
   604 | D:1      | Became a worshipper of Ignis, the Dying Flame
  1078 | D:2      | Found Zeewk's Distillery.
  1158 | D:2      | Reached XP level 4. HP: 36/36 MP: 4/4
  1819 | D:3      | Noticed Terence
  1850 | D:3      | Killed Terence
  2135 | D:3      | Reached XP level 5. HP: 42/42 MP: 5/5
  2185 | D:3      | Found a glowing silver altar of Zin.
  2720 | D:4      | Reached XP level 6. HP: 45/48 MP: 6/6
  2762 | D:4      | Reached skill level 5 in Shields
  3472 | D:4      | Found an ancient bone altar of Kikubaaqudgha.
  3479 | D:4      | Found a hide-covered altar of Uskayaw.
  3606 | D:4      | Found a staircase to the Ecumenical Temple.
  3744 | Temple   | Entered the Ecumenical Temple
  4031 | D:5      | Entered Level 5 of the Dungeon
  4036 | D:5      | Reached XP level 7. HP: 53/54 MP: 7/7
  4094 | D:5      | Reached skill level 5 in Axes
  4095 | D:5      | Reached skill level 5 in Armour
  4663 | D:5      | Noticed Menkaure
  4671 | D:5      | Killed Menkaure
  4845 | D:5      | Reached XP level 8. HP: 41/61 MP: 8/8
  4851 | D:5      | Reached skill level 6 in Shields
  5543 | D:5      | Found a bloodstained altar of Trog.
  5546 | D:5      | Noticed a wizard
  5547 | D:5      | Noticed Grinder
  5551 | D:5      | Killed a wizard
  5563 | D:5      | Killed Grinder
  5930 | D:6      | Reached skill level 5 in Fighting
  6265 | D:6      | Reached XP level 9. HP: 68/68 MP: 9/9
  6640 | D:6      | Reached skill level 7 in Shields
  7227 | D:7      | Found a flagged portal.
  7378 | Bailey   | Entered a bailey
  7384 | Bailey   | Noticed an orc warlord
  7458 | Bailey   | Noticed an orc knight
  7496 | Bailey   | Killed an orc knight
  7905 | Bailey   | Found a runed translucent gate.
  7907 | Bailey   | Found a runed translucent gate.
  7909 | Bailey   | Found a runed translucent gate.
  7995 | Bailey   | Killed an orc warlord
  7996 | Bailey   | Reached skill level 8 in Shields
  7996 | Bailey   | Reached XP level 10. HP: 19/76 MP: 10/10
  8040 | Bailey   | Identified the +7 rapier of Bankruptcy {venom, rC++ MP+9}
  8053 | Bailey   | Reached skill level 1 in Short Blades
  8053 | Bailey   | Reached skill level 1 in Long Blades
  8053 | Bailey   | Reached skill level 1 in Staves
  8053 | Bailey   | Reached skill level 1 in Bows
  8053 | Bailey   | Reached skill level 1 in Crossbows
  8053 | Bailey   | Reached skill level 10 in Shields
  8053 | Bailey   | Reached skill level 1 in Conjurations
  8053 | Bailey   | Reached skill level 1 in Summonings
  8053 | Bailey   | Reached skill level 1 in Necromancy
  8053 | Bailey   | Reached skill level 1 in Translocations
  8053 | Bailey   | Reached skill level 1 in Fire Magic
  8053 | Bailey   | Reached skill level 1 in Ice Magic
  8053 | Bailey   | Reached skill level 1 in Air Magic
  8053 | Bailey   | Reached XP level 11. HP: 35/83 MP: 10/12
  8054 | Bailey   | Reached skill level 10 in Axes
  8054 | Bailey   | Reached skill level 13 in Shields
  8054 | Bailey   | Reached XP level 12. HP: 39/92 MP: 10/13
  8215 | D:7      | Gained mutation: You are clumsy. (Dex -2) [potion of
                  | mutation]
  8916 | D:7      | Found a white marble altar of Elyvilon.
  9085 | D:8      | Noticed Grum
  9093 | D:8      | Reached skill level 14 in Shields
  9102 | D:8      | Killed Grum
  9638 | D:8      | Found a broken altar of Ashenzari.
  9694 | D:8      | Found Obahaiv's Distillery.
 10480 | D:9      | Noticed Erica
 10492 | D:9      | Killed Erica
 11444 | D:9      | Noticed Prince Ribbit
 11481 | D:9      | Killed Prince Ribbit
 11853 | D:9      | Found a hazy altar of Hepliaklqana.
 11887 | D:10     | Entered Level 10 of the Dungeon
 11931 | D:10     | Reached skill level 10 in Armour
 11951 | D:10     | Found Ozatrel's Distillery.
 12336 | D:10     | Bought a potion of flight for 51 gold pieces
 12357 | D:10     | Found Quenem's Weapon Boutique.
 12601 | D:10     | Found Pij Heofila's Assorted Antiques.
 12608 | D:10     | Noticed a two-headed ogre
 12610 | D:10     | Bought a heavily runed lapis lazuli ring for 150 gold
                  | pieces
 12610 | D:10     | Identified the ring of Zazut {rN+ Int+4 Dex-2} (You bought
                  | it in a shop on level 10 of the Dungeon)
 12617 | D:10     | Killed a two-headed ogre
 12618 | D:10     | Reached skill level 15 in Shields
 12850 | D:10     | Noticed a two-headed ogre
 12861 | D:10     | Killed a two-headed ogre
 13210 | D:10     | Found a shadowy altar of Dithmenos.
 13941 | D:11     | Found a staircase to the Lair.
 13968 | D:11     | Reached XP level 13. HP: 49/99 MP: 14/14
 14832 | D:10     | Bought a +2 battleaxe of electrocution for 394 gold pieces
 15110 | D:12     | Killed from afar by a meliai

Illustrated notes

Levels and vault maps discovered:
D:1:      dpeg_arrival_boxes_within_box, layout_loops_ring,
          ebering_ecumenical_altar_sacrificial
D:2:      layout_basic, serial_shops, shop
D:3:      layout_rooms, mainiacjoe_overflow_boulevard, uniq_terence
D:4:      minmay_opposing_rooms, layout_rooms, amethyst_overflow_temple_binary,
          lemuel_temple_firewalk_b
D:5:      layout_basic, trog_wizard, uniq_menkaure, uniq_grinder
D:6:      layout_gridville, serial_glass, glass_columns_b, glass_columns_a,
          glass_columns_b, glass_columns_a, glass_columns_a, glass_columns_a,
          glass_columns_a, glass_columns_a, glass_columns_c, glass_columns_a,
          glass_columns_a, glass_columns_a, glass_columns_a, glass_columns_b
D:7:      layout_basic, general_overflow_altar, enter_bailey_2,
          grunt_decor_one_mirror, kennysheep_generic_room_10
D:8:      layout_layer_cave, evilmike_ruin_ashenzari, serial_shops,
          kennysheep_mini_moat, minivault_21, uniq_grum
D:9:      layout_irregular_city, nicolae_hepliaklqana_monster_ancestors,
          uniq_erica, uniq_prince_ribbit1
D:10:     layout_loops_cross, nicolae_dithmenos_the_darkroom, serial_shops,
          nicolae_shop_stone, nicolae_shop_advertising_works
          [nicolae_subvault_shop_adworks], nicolae_shop_crystal
D:11:     layout_loops_ring, david_lair_generic
D:12:     layout_grid_maze, orc_0_dummy, elyvilon_altar_5, uniq_fannar
Temple:   minmay_temple_curvy_branch

Skill      XL: |  1  2  3  4  5  6  7  8  9 10 11 12 13 |
---------------+----------------------------------------+-----
Shields        | 4 5 6 8 10 13 15 | 15.8
Axes           | 3 4 5 7 9 10 11 12 | 12.0
Armour         | 4 5 6 7 8 9 10 | 10.5
Fighting       | 4 5 6 7 8 9 |  9.1
Short Blades   | 1 |  1.7
Long Blades    | 1 |  1.7
Staves         | 1 |  1.7
Slings         | 2 |  2.0
Bows           | 1 |  1.5
Crossbows      | 1 |  1.7
Conjurations   | 1 |  1.5
Hexes          | 2 |  2.1
Summonings     | 1 |  1.7
Necromancy     | 1 |  1.7
Translocations | 1 |  1.5
Transmutations | 2 |  2.0
Fire Magic     | 1 |  1.7
Ice Magic      | 1 |  1.7
Air Magic      | 1 |  1.4
Earth Magic    | 2 |  2.1
Poison Magic   | 2 |  2.6
Invocations    | 2 |  2.1
Evocations     | 2 |  2.0

Action                   |  1- 3 |  4- 6 |  7- 9 | 10-12 | 13-15 || total
-------------------------+-------+-------+-------+-------+-------++-------
Melee: War axe           |    50 |   161 |   228 |       |       ||   439
       Battleaxe         |       |       |       |   331 |    88 ||   419
Throw: Boomerang         |       |       |    17 |       |       ||    17
Invok: Fiery Armour      |       |       |     3 |     2 |     1 ||     6
       Foxfire Swarm     |       |       |     2 |       |       ||     2
 Abil: Dig               |       |     3 |     1 |       |       ||     4
  Use: Scroll            |     3 |     5 |     6 |     2 |       ||    16
       Potion            |       |       |     4 |     5 |       ||     9
Armor: Scale mail        |    24 |    95 |       |       |       ||   119
       Chain mail        |       |    19 |   158 |   199 |    59 ||   435
Dodge: Dodged            |    27 |    82 |   143 |   172 |    53 ||   477
Block: Buckler           |    11 |    36 |    48 |   148 |    39 ||   282

Table legend: (Time is in decaauts)
 A = Elapsed time spent in this place.
 B = Non-inter-level travel time spent in this place.
 C = Inter-level travel time spent in this place.
 D = Time resting spent in this place.
 E = Time spent auto-exploring this place.
 F = Levels seen in this place.
 G = Mean time per level.
                   A        B        C        D        E       F      G
               +--------+--------+--------+--------+--------+-----+--------+
         Total |  15283 |  14869 |    414 |   2665 |   9679 |  14 | 1091.6 |
       Dungeon |  14340 |  13929 |    411 |   2319 |   9435 |  12 | 1195.0 |
        Temple |    248 |    245 |      3 |      0 |    244 |   1 |  248.0 |
        Bailey |    693 |    693 |      0 |    346 |      0 |   1 |  693.0 |
               +--------+--------+--------+--------+--------+-----+--------+

Top non-repeatable levels by time:
     D:4: 1785 daAuts
    D:10: 1698 daAuts
     D:9: 1462 daAuts
     D:7: 1378 daAuts
     D:8: 1361 daAuts
     D:5: 1324 daAuts
    D:11: 1301 daAuts
     D:6: 1216 daAuts
     D:1: 1054 daAuts
     D:2: 787 daAuts
     D:3: 720 daAuts
  Bailey: 693 daAuts
    D:12: 249 daAuts
  Temple: 248 daAuts
